 Dungeon Crawl Stone Soup version 0.20.1-1-g8b1a95d (webtiles) character file.

7 tidbits the Insei (level 1, 0/15 HPs)
             Began as a Demigod Transmuter on Aug 11, 2017.
             Succumbed to an adder's poison
             ... on level 2 of the Dungeon.
             The game lasted 00:01:45 (284 turns).

tidbits the Insei (Demigod Transmuter)               Turns: 284, Time: 00:01:45

Health: 0/15       AC:  2    Str: 13    XL:     1   Next: 66%
Magic:  5/5        EV: 18    Int: 17    God:
Gold:   17         SH:  0    Dex: 21    Spells: 2/3 levels left

rFire    . . .     SeeInvis .     - Unarmed
rCold    . . .     Gourm    .   (no shield)
rNeg     . . .     Faith    .   b - +0 robe
rPois    .         Spirit   .   (no helmet)
rElec    .         Reflect  .   (no cloak)
rCorr    .         Harm     .   (no gloves)
MR       .....                  (no boots)
Stlth    +++.......             (no amulet)
Regen    0.1/turn               (no ring)
MPRegen  0.1/turn               (no ring)

@: agile, lethally poisoned (0 -> -10)
A: high mp 1
a: no special abilities


You were on level 2 of the Dungeon.
You were not hungry.

You visited 1 branch of the dungeon, and saw 2 of its levels.

You collected 17 gold pieces.

Inventory:

Missiles
 a - 12 arrows
 e - 53 stones (quivered)
Armour
 b - a +0 robe (worn)
 j - a +1 scale mail of positive energy
   (You found it on level 1 of the Dungeon)
Scrolls
 f - 3 scrolls of identify {unknown}
 g - a scroll of enchant weapon {unknown}
 i - a scroll of magic mapping {unknown}
 m - a scroll of recharging {unknown}
 n - a scroll of teleportation {unknown}
Books
 c - a book of Changes

   Spells                             Type                      Level
   a - Beastly Appendage              Transmutation                1
   b - Sticks to Snakes               Transmutation                2
   c - Spider Form                    Transmutation/Poison         3
   d - Ice Form                       Ice/Transmutation            4
   e - Blade Hands                    Transmutation                5
Comestibles
 d - a bread ration
 h - a meat ration


   Skills:
 - Level 0.8 Fighting
 - Level 1.8 Dodging
 + Level 3.1 Unarmed Combat
 - Level 1.7 Spellcasting
 - Level 1.7 Transmutations


You had 2 spell levels left.
You knew the following spells:

 Your Spells              Type           Power        Failure   Level  Hunger
e - Beastly Appendage     Tmut           #.....       10%         1    #......


Dungeon Overview and Level Annotations

Branches:
Dungeon (2/15)


Innate Abilities, Weirdness & Mutations

You have an increased reservoir of magic. (+10% MP)


Message History

Confirm with . or Enter, or press ? or * to list all spells.
Your feet morph into talons.
The kobold closely misses you.
You hit the kobold.
You kill the kobold!
Your Unarmed Combat skill increases to level 3!
e - 30 stones (gained 2)
Things that are here:
a club; a kobold corpse
e - 31 stones (gained 1)
You see here 29 sling bullets.
Your talons disappear.
A frilled lizard comes into view.
Casting: Beastly Appendage
Confirm with . or Enter, or press ? or * to list all spells.
Your feet morph into talons.
You hit the frilled lizard.
The frilled lizard is heavily wounded.
The frilled lizard closely misses you.
You hit the frilled lizard.
You kill the frilled lizard!
You see here a frilled lizard corpse.
Your transformation is almost over.
Found a stone staircase leading down.
There is a stone staircase leading down here.
You climb downwards.
There is a stone staircase leading up here.
Your talons disappear.
Found a scroll labeled HYALEG NEH OQU.
A kobold comes into view. It is wielding a dagger.
The kobold shouts!
The kobold throws a stone.
The stone hits you but does no damage.
Found 17 stones.
You see here a stone.
The kobold throws a stone.
The stone barely misses you.
Things that are here:
a stone; a scroll labeled HYALEG NEH OQU The kobold hits you with a dagger.
You hit the kobold.
The kobold is moderately wounded.
You hit the kobold.
You kill the kobold!
e - 34 stones (gained 3)
You see here a dagger.
e - 35 stones (gained 1);
m - a scroll labeled HYALEG NEH OQU
e - 36 stones (gained 1)
You see here a dagger.
e - 53 stones (gained 17)
Found a scroll labeled AZAT OTUISCH.
n - a scroll labeled AZAT OTUISCH A rat comes into view.
Found a scroll labeled IRIOT RYANUHO.
Casting: Beastly Appendage
Confirm with . or Enter, or press ? or * to list all spells.
Your feet morph into talons.
You hit the rat.
You kill the rat!
An adder comes into view.
Your transformation is almost over.
The adder hisses angrily.
You see here a rat corpse.
It was a potion of magic.
Magic courses through your body.
A rat comes into view.
Okay, then.
You see here a rat corpse.
It was a potion of agility.
You feel agile all of a sudden.
You miss the adder. Your kick misses the adder. The adder misses you.
The adder closely misses you.
You hit the adder.
The adder is moderately wounded.
The adder closely misses you.
You hit the adder but do no damage.
The adder is moderately wounded.
The adder completely misses you.
You barely miss the adder.
The adder is moderately wounded.
The adder closely misses you.
You miss the adder.
The adder is moderately wounded.
Your talons disappear.
The adder bites you.
You are poisoned.
The adder poisons you! The adder bites you.
You are lethally poisoned!
The adder poisons you!
You closely miss the adder.
The adder is moderately wounded.
You feel sick. The adder bites you.
* * * LOW HITPOINT WARNING * * *
You closely miss the adder.
The adder is moderately wounded.
* * * LOW HITPOINT WARNING * * *
You feel sick. The adder bites you but does no damage.
You hit the adder.
The adder is heavily wounded.
The adder bites you.
* * * LOW HITPOINT WARNING * * *
You miss the adder.
The adder is heavily wounded.
You die...

#.?......#
#........# #
#........#.#
#........#.#
#..........#
#........#
#....†...#
######S###
#@# #.# #.#
#.# #.#
#.###### #.#
#.##...# #.#
###
#.##.#.###
#.# #.#
#....#...#
#.###.#
########.#


You could see an adder.

Vanquished Creatures
  4 kobolds
  A frilled lizard (D:1)
  A goblin (D:1)
  A rat (D:2)
7 creatures vanquished.

Notes
Turn   | Place    | Note
-------+----------+-------------------------------------------
     0 | D:1      | tidbits the Demigod Transmuter began the quest for the Orb.
     0 | D:1      | Reached XP level 1. HP: 15/15 MP: 5/5
   150 | D:1      | Reached skill level 3 in Unarmed Combat
   283 | D:2      | HP: 1/15 [adder (4)]
   284 | D:2      | Succumbed to an adder's poison

Skill      XL: |  1 |
---------------+----+-----
Unarmed Combat | 3 |  3.1
Fighting       | |  0.8
Dodging        | |  1.8
Spellcasting   | |  1.7
Transmutations | |  1.7

Action                   || total
-------------------------++-------
Melee: Unarmed           ||    21
       Headbutt          ||     1
 Cast: Beastly Appendage ||     6
  Use: Potion            ||     2
Armor: Robe              ||     1
Dodge: Dodged            ||    12

Table legend:
 A = Turns spent in this place as a percentage of turns spent in the entire game.
 B = Non-inter-level travel turns spent in this place as a percentage of non-inter-level travel turns spent in the entire game.
 C = Inter-level travel turns spent in this place as a percentage of turns spent in this place.
 D = Turns resting spent in this place as a percentage of non-inter-level travel turns spent in this place.
 E = Turns spent auto-exploring this place as a percentage of non-inter-level travel turns spent in this place.
 F = Non-inter-level travel turns spent in this place divided by the number of levels of this place that you've seen.
                   A       B       C       D       E      F
               +-------+-------+-------+-------+-------+----------------------
         Total | 100.0 | 100.0 |   0.0 |   0.0 |   0.0 | 135.0
       Dungeon | 100.0 | 100.0 |   0.0 |   0.0 |   0.0 | 135.0
               +-------+-------+-------+-------+-------+----------------------

Table legend:
 A = Kills in this place as a percentage of kills in entire the game.
 B = Kills by you in this place as a percentage of kills by you in the entire game.
 C = Kills by friends in this place as a percentage of kills by friends in the entire game.
 D = Other kills in this place as a percentage of other kills in the entire game.
 E = Experience gained in this place as a percentage of experience gained in the entire game.
 F = Experience gained in this place divided by the number of levels of this place that you have seen.
                   A       B       C       D       E      F
               +-------+-------+-------+-------+-------+----------------------
         Total | 100.0 | 100.0 |  -nan |  -nan | 100.0 |   5.0
       Dungeon | 100.0 | 100.0 |  -nan |  -nan | 100.0 |   5.0
               +-------+-------+-------+-------+-------+----------------------

Vault maps used:
D:1:      dpeg_arrival_leaves_temple_mockup
D:2:      lemuel_crystal_altar, lemuel_crystal_altar, first_bread,
          lightli_corner_chamber
